 Dungeon Crawl Stone Soup version 0.28-a0-845-gfc338a8e3c (webtiles) character file.

Game seed: 2820055884176079973

10400 case the Carver (level 11, -2/81 HPs)
             Began as a Demonspawn Wanderer on Nov 6, 2021.
             Was a High Priest of Okawaru.
             Slain by Urug (4 damage)
             ... on level 12 of the Dungeon on Nov 12, 2021.
             The game lasted 00:38:20 (11052 turns).

case the Carver (Demonspawn Wanderer)              Turns: 11052, Time: 00:38:20

Health: -2/81      AC: 17    Str: 11 (14) XL:     11   Next: 35%
Magic:  0/15       EV:  8    Int: 11 (14) God:    Okawaru [*****.]
Gold:   1447       SH:  5    Dex: 15 (16) Spells: 10/10 levels left

rFire   . . .      SeeInvis +   j - +4 scimitar
rCold   x . .      Faith    .   s - +0 buckler
rNeg    . . .      Spirit   +   v - +0 chain mail
rPois   +          Reflect  .   l - +0 helmet
rElec   +          Harm     .   y - +2 cloak "Viwk" {rElec rPois rC- Stlth+}
rCorr   .          Rampage  .   (no gloves)
Will    .....                   A - +2 pair of boots
Stlth   +.........              e - amulet of regeneration
HPRegen 1.23/turn               (no ring)
MPRegen 0.28/turn               (no ring)

@: no status effects
A: claws 2, repulsion field 2, spiny 1, magic shield, magic regeneration, thin
skeletal structure 1, see invisible, deterioration 1, high mp 1
a: Renounce Religion, Heroism, Finesse, Duel


You were on level 12 of the Dungeon.
You worshipped Okawaru.
Okawaru was extremely pleased with you.
You visited 3 branches of the dungeon, and saw 15 of its levels.
You also visited: Sewer.

You collected 1529 gold pieces.
You spent 82 gold pieces at shops.

Inventory:

Hand Weapons
 j - a +4 scimitar (weapon)
 u - the +0 hunting sling of Bocurph {flame, rN++ Will+ Str+4 Int-2}
   (You found it on level 7 of the Dungeon)

   Any ammunition fired from it burns those it strikes, dealing additional fire
   damage.
   Str:       It affects your strength (+4).
   Int:       It affects your intelligence (-2).
   rN:        It greatly protects you from negative energy.
   Will:      It increases your willpower.
Armour
 b - a +0 troll leather armour
 c - a +0 ring mail
 f - a +0 pair of boots
 l - a +0 helmet (worn)
 s - a +0 buckler (worn)
 v - a +0 chain mail (worn)
 y - the +2 cloak "Viwk" (worn) {rElec rPois rC- Stlth+}
   (Okawaru gifted it to you on level 11 of the Dungeon)

   rC:        It makes you vulnerable to cold.
   rElec:     It insulates you from electricity.
   rPois:     It protects you from poison.
   Stlth:     It makes you more stealthy.
 A - a +2 pair of boots (worn)
Jewellery
 e - an amulet of regeneration (around neck)
Wands
 g - a wand of flame (13)
 w - a wand of acid (5)
 z - a wand of paralysis (5)
Scrolls
 p - 7 scrolls of teleportation
 t - a scroll of identify
 x - a scroll of enchant armour
Potions
 a - 3 potions of attraction
 d - a potion of curing
 i - a potion of cancellation {unknown}
 m - a potion of haste {unknown}
 o - 2 potions of magic
 q - a potion of ambrosia {unknown}
 r - a potion of resistance {unknown}
 B - a potion of degeneration


   Skills:
 + Level 6.3 Fighting
 - Level 0.8(9.1) Short Blades
 - Level 14.0(14.1) Long Blades
 - Level 1.7 Crossbows
 + Level 4.2 Armour
 + Level 3.0 Dodging
 - Level 1.0 Stealth
 + Level 3.0 Shields
 + Level 4.2 Invocations
 - Level 1.0 Evocations


You had 10 spell levels left.
You didn't know any spells.
Your spell library contained the following spells:

 Spells                   Type           Power      Damage    Failure   Level
 Apportation              Tloc           0%         N/A       100%        1
 Pain                     Necr           0%         1d4       100%        1
 Frozen Ramparts          Ice            0%         1d2       100%        3
 Ice Form                 Ice/Tmut       0%         N/A       100%        4
 Leda's Liquefaction      Hex/Erth       0%         N/A       100%        4
 Agony                    Necr           0%         N/A       100%        5
 Alistair's Intoxication  Tmut/Pois      0%         N/A       100%        5
 Excruciating Wounds      Necr           0%         N/A       100%        5
 Lee's Rapid Deconstruct  Erth           0%         3d5*      100%        5
 Statue Form              Tmut/Erth      0%         N/A       100%        6
 Orb of Destruction       Conj           0%         N/A       100%        7
 Summon Guardian Golem    Hex/Summ       Unusable   N/A       N/A         3
 Summon Ice Beast         Ice/Summ       Unusable   N/A       N/A         4
 Spellforged Servitor     Conj/Summ      Unusable   N/A       N/A         7

Dungeon Overview and Level Annotations

Branches:
Dungeon (12/15)            Temple (1/1) D:5            Lair (2/6) D:11
    Orc (0/2) D:9           Sewer (visited)
  Swamp: Lair:2-4    Shoals: Lair:2-4     Snake: Lair:2-4    Spider: Lair:2-4

Altars:
Ashenzari
Dithmenos
Gozag
Kikubaaqudgha
Okawaru
Uskayaw
Wu Jian
Xom
Yredelemnul
Zin
The Shining One
Beogh

Shops:
D:3 ?   D:5 *   D:7 :   D:8 =

Annotations:
D:4 Pikel
D:8 exclusion: hornet
D:11 1 exclusion
D:12 Urug


Innate Abilities, Weirdness & Mutations

You have very sharp fingernails.
You are surrounded by a moderate repulsion field. (EV +3)
You are partially covered in sharp spines.
When hurt, damage is shared between your health and your magic reserves.
You regenerate magic rapidly.
You have a somewhat thin skeletal structure. (Dex +2, Stealth+)
You have supernaturally acute eyesight. (SInv)
Your body sometimes deteriorates upon taking damage.
You have an increased reservoir of magic. (+10% MP)


Message History

You feel much better. Urug closely misses you.
You hit Urug but do no damage.
Urug is moderately wounded.
Urug hits you with a +3 halberd of freezing!
Urug freezes you.
* * * LOW HITPOINT WARNING * * *
You hit Urug but do no damage.
Urug is moderately wounded.
Urug misses you.
Okay, then.
You feel much better. Urug closely misses you.
You hit Urug.
Urug is heavily wounded.
You slash Urug!
Urug is heavily wounded.
Urug is struck by your spines.
Urug hits you with a +3 halberd of freezing!
Your body deteriorates!
You feel weakened. Urug freezes you!
* * * LOW HITPOINT WARNING * * *
Aiming: Corrosive Bolt
Press: ? - help, Shift-Dir - straight line, f - Urug
Aim: Urug, wielding a +3 halberd of freezing, wearing a +4 chain mail of willpower and quivering javelins (severely wounded, 68% to hit)
The bolt of acid hits Urug!
Urug is almost dead.
Urug hits you with a +3 halberd of freezing!
* * * LOW HITPOINT WARNING * * *
Urug freezes you.
* * * LOW HITPOINT WARNING * * *
You feel better. Urug closely misses you.
Aiming: Corrosive Bolt
Press: ? - help, Shift-Dir - straight line, f/p - Urug
Aim: Urug, wielding a +3 halberd of freezing, wearing a +4 chain mail of willpower and quivering javelins (almost dead, 68% to hit)
The bolt of acid hits Urug.
Urug is almost dead.
You feel like a meek peon again.
Urug hits you with a +3 halberd of freezing!
* * * LOW HITPOINT WARNING * * *
Urug freezes you.
You die...

### #.. ####.#
##.##.# #
##...#.###.###
#.....<.......
##...#.....###
##@########
#o# #<#
#........
#####.... o.


You could see Urug.

Vanquished Creatures
  A cyclops (D:11)
  A black mamba (Lair:2)
  2 centaur zombies
  A gargoyle (D:9)
  An unseen horror (D:11)
  2 cane toads (Lair:1)
  6 komodo dragons (D:10)
  A troll (D:11)
  2 hornets
  A shadow (D:8)
  A vampire (D:10)
  9 yaks
  A steam dragon (D:10)
  2 vampire mosquitoes (D:10)
  An acid dragon (D:10)
  Duvessa (D:6)
  Pargi (Sewer)
  A sky beast (D:8)
  3 ice beasts
  A black bear (D:6)
  2 orc warriors
  A wolf (D:11)
  3 centaurs
  A kobold brigand (D:6)
  2 bullfrogs
  A wyvern zombie (D:6)
  Dowan (D:6)
  A water moccasin skeleton (D:5)
  9 killer bees
  4 wights (D:8)
  3 electric eels (D:10)
  A crimson imp (D:5)
  A bullfrog zombie (D:6)
  10 orc priests
  A bullfrog skeleton (D:6)
  2 hounds (D:5)
  3 jellies
  13 iguanas
  11 orc wizards
  Natasha (twice) (D:3)
  A killer bee zombie (D:8)
  A hound skeleton (D:4)
  2 hound zombies (D:5)
  A howler monkey zombie (D:8)
  13 adders
  An ufetubus (D:6)
  3 worms (D:4)
  3 dart slugs
  32 orcs
  5 ball pythons
  4 endoplasms
  6 giant cockroaches
  2 hobgoblins
  2 jackals (D:1)
  6 quokkas
  A bat (D:1)
  21 frilled lizards
  3 hobgoblin zombies (D:5)
  11 kobolds
  A kobold skeleton (D:5)
  A kobold zombie (D:5)
  4 orc zombies (D:5)
  5 rats
240 creatures vanquished.

Vanquished Creatures (others)
  2 fungi (Lair:1)
2 creatures vanquished.

Grand Total: 242 creatures vanquished

Notes
Turn   | Place    | Note
-------+----------+-------------------------------------------
     0 | D:1      | case the Demonspawn Wanderer began the quest for the Orb.
     0 | D:1      | case set off with the following items: a +2 dagger, a
                  | scroll of fear, a +0 ring mail, a potion of curing
     0 | D:1      | Reached XP level 1. HP: 18/18 MP: 1/1
     2 | D:1      | Noticed a felid
     2 | D:1      | Noticed a dwarf
     4 | D:1      | Noticed a demonspawn
     4 | D:1      | Noticed a troll
     6 | D:1      | Noticed a vampire
     8 | D:1      | Noticed a minotaur
     8 | D:1      | Noticed a merfolk
    10 | D:1      | Noticed a naga
    12 | D:1      | Noticed an ogre
    14 | D:1      | Noticed an elf
    14 | D:1      | Noticed a tengu
    16 | D:1      | Noticed a spriggan
    18 | D:1      | Noticed a demigod
    18 | D:1      | Noticed a draconian
    20 | D:1      | Noticed a gargoyle
    20 | D:1      | Noticed a formicid
    22 | D:1      | Noticed a human
    24 | D:1      | Noticed a ghoul
    24 | D:1      | Noticed an octopode
    26 | D:1      | Noticed a vine stalker
    42 | D:1      | Upgraded the game from 0.28-a0-802-g09f76e8c00 to
                  | 0.28-a0-845-gfc338a8e3c
   526 | D:1      | Gained mutation: You are surrounded by a mild repulsion
                  | field. (EV +2) [demonic ancestry]
   526 | D:1      | Reached XP level 2. HP: 24/24 MP: 2/2
  1915 | D:2      | You fall into a shaft and drop 2 floors!
  1932 | D:4      | Reached skill level 1 in Long Blades
  1932 | D:4      | Reached XP level 3. HP: 21/30 MP: 3/3
  2401 | D:3      | Found an ornate altar of the Wu Jian Council.
  2587 | D:3      | Found Umpudafu's Magic Scroll Shop.
  2594 | D:3      | Bought a scroll of blinking for 82 gold pieces
  2621 | D:3      | Reached skill level 2 in Long Blades
  2621 | D:3      | Gained mutation: You regenerate magic rapidly. [demonic
                  | ancestry]
  2621 | D:3      | Reached XP level 4. HP: 12/37 MP: 4/4
  2625 | D:3      | Gained mutation: You have an increased reservoir of magic.
                  | (+10% MP) [potion of mutation]
  2851 | D:3      | Found a faded altar of an unknown god.
  3102 | D:3      | Noticed Natasha
  3108 | D:3      | Killed Natasha
  3131 | D:3      | Noticed Natasha
  3141 | D:3      | Killed Natasha
  3340 | D:4      | Gained mutation: When hurt, damage is shared between your
                  | health and your magic reserves. [demonic ancestry]
  3340 | D:4      | Reached XP level 5. HP: 38/43 MP: 5/5
  3425 | D:4      | Noticed a lemure
  3425 | D:4      | Noticed a lemure
  3426 | D:4      | Noticed Pikel
  3449 | D:5      | Entered Level 5 of the Dungeon
  3477 | D:5      | Reached skill level 3 in Long Blades
  3583 | D:5      | Noticed an ice beast
  3593 | D:5      | Found a staircase to the Ecumenical Temple.
  3614 | Temple   | Entered the Ecumenical Temple
  3698 | Temple   | Became a worshipper of Warmaster Okawaru
  3759 | D:5      | Found Zeithui's General Store.
  3788 | D:5      | Gained mutation: You are surrounded by a moderate repulsion
                  | field. (EV +3) [demonic ancestry]
  3788 | D:5      | Reached XP level 6. HP: 40/50 MP: 3/6
  3797 | D:5      | Killed an ice beast
  3798 | D:5      | Reached skill level 5 in Fighting
  3798 | D:5      | Reached skill level 4 in Long Blades
  4125 | D:5      | Found a glowing drain.
  4150 | Sewer    | Entered a sewer
  4320 | Sewer    | Noticed Pargi
  4330 | Sewer    | Killed Pargi
  4330 | Sewer    | Reached * piety under Okawaru
  4331 | Sewer    | Reached skill level 5 in Long Blades
  4346 | Sewer    | Gained mutation: Your body sometimes deteriorates upon
                  | taking damage. [potion of mutation]
  4346 | Sewer    | Gained mutation: You have supernaturally acute eyesight.
                  | (SInv) [potion of mutation]
  4346 | Sewer    | Gained mutation: You have a somewhat thin skeletal
                  | structure. (Dex +2, Stealth+) [potion of mutation]
  4516 | D:5      | Reached skill level 1 in Invocations
  4516 | D:5      | Reached XP level 7. HP: 44/56 MP: 6/8
  4627 | D:5      | Found a hide-covered altar of Uskayaw.
  4636 | D:5      | Found a shimmering altar of Xom.
  5042 | D:5      | Reached skill level 6 in Long Blades
  5765 | D:6      | Identified the amulet of Anarchy {Acrobat rN+ MP+9}
  5847 | D:6      | Gained mutation: You have sharp fingernails. [demonic
                  | ancestry]
  5847 | D:6      | Reached XP level 8. HP: 62/62 MP: 10/12
  5944 | D:6      | Reached skill level 7 in Long Blades
  6323 | D:6      | Noticed Duvessa
  6324 | D:6      | Noticed Dowan
  6331 | D:6      | Killed Duvessa
  6331 | D:6      | Reached ** piety under Okawaru
  6340 | D:6      | Killed Dowan
  6443 | D:7      | Reached skill level 8 in Long Blades
  6446 | D:7      | Identified the +0 hunting sling of Bocurph {flame, rN++
                  | Will+ Str+4 Int-2}
  6711 | D:7      | Found Baohi's Book Shoppe.
  7093 | D:8      | Reached skill level 9 in Long Blades
  7189 | D:8      | Found Taleegyu's Jewellery Boutique.
  7189 | D:8      | Noticed a hornet
  7412 | D:8      | Gained mutation: You have very sharp fingernails. [demonic
                  | ancestry]
  7412 | D:8      | Reached XP level 9. HP: 44/63 MP: 7/13
  7593 | D:8      | Found an ancient bone altar of Kikubaaqudgha.
  7683 | D:8      | Reached skill level 10 in Long Blades
  7940 | D:8      | Paralysed by a hornet for 2 turns
  8048 | D:9      | Reached *** piety under Okawaru
  8178 | D:9      | Found a staircase to the Orcish Mines.
  8188 | D:9      | Reached skill level 11 in Long Blades
  8274 | D:9      | Noticed a gargoyle
  8330 | D:9      | Killed a gargoyle
  8709 | D:9      | Reached skill level 12 in Long Blades
  8763 | D:10     | Entered Level 10 of the Dungeon
  8833 | D:10     | Gained mutation: You are partially covered in sharp spines.
                  | [demonic ancestry]
  8833 | D:10     | Reached XP level 10. HP: 36/74 MP: 5/14
  8890 | D:10     | Found an opulent altar of Gozag.
  8918 | D:10     | Received a gift from Okawaru
  8969 | D:10     | Found a shadowy altar of Dithmenos.
  9023 | D:10     | Found a broken altar of Ashenzari.
  9027 | D:10     | Found a basalt altar of Yredelemnul.
  9240 | D:10     | Reached **** piety under Okawaru
  9327 | D:10     | Reached skill level 13 in Long Blades
  9537 | D:11     | Paralysed by a hornet for 1 turns
  9583 | D:11     | Reached skill level 14 in Long Blades
  9640 | D:11     | Noticed a cyclops
  9649 | D:11     | Noticed an ettin
  9822 | D:10     | Reached skill level 1 in Dodging
  9822 | D:10     | Reached skill level 1 in Shields
  9899 | D:10     | Reached ***** piety under Okawaru
  9947 | D:10     | Reached XP level 11. HP: 80/80 MP: 15/15
 10311 | D:11     | Identified the +2 cloak "Viwk" {rElec rPois rC- Stlth+}
                  | (Okawaru gifted it to you on level 11 of the Dungeon)
 10311 | D:11     | Received a gift from Okawaru
 10466 | D:11     | Found a staircase to the Lair.
 10493 | Lair:1   | Entered Level 1 of the Lair of Beasts
 10811 | Lair:1   | Noticed a death yak
 10811 | Lair:1   | Noticed a death yak
 10812 | Lair:1   | Noticed a death yak
 10814 | Lair:1   | Noticed a five-headed hydra
 10848 | Lair:2   | Noticed an eight-headed hydra
 10941 | Lair:1   | Identified a scroll of acquirement
 10942 | Lair:1   | Acquired 983 gold pieces
 10950 | D:11     | Noticed an ettin
 11018 | D:12     | Noticed Urug
 11052 | D:12     | HP: 2/81 [Urug (14)]
 11052 | D:12     | Slain by Urug

Illustrated notes

Levels and vault maps discovered:
D:1:      kb_arrival_jail, layout_basic, serial_forest, infiniplex_forest_join,
          infiniplex_forest_clump_cross, infiniplex_forest_straight_2,
          infiniplex_forest_corner_1, infiniplex_forest_clump_small,
          infiniplex_forest_end_3, infiniplex_forest_3_way,
          infiniplex_forest_straight_2
D:2:      layout_basic, serial_co_window_serial, co_window_corner_a,
          co_window_paths_a, co_window_paths_a, co_window_paths_a,
          co_window_corner_a, co_window_unsneaky_path_e, co_window_paths_c,
          co_window_2corner, co_window_broadway_a, co_window_of_opportunity_b,
          co_window_cross_3, co_window_sun, glass_columns_b, glass_columns_a,
          glass_columns_c, glass_columns_a, glass_columns_b,
          grunt_decor_arrowhead, amcnicky_mini_corridor_feature
D:3:      layout_loops_ring, mainiacjoe_overflow_boulevard, serial_shops, shop,
          shop, shop, hellmonk_ecumenical_altar_lost_god, minivault_25,
          minmay_ogre_servants, uniq_natasha
D:4:      layout_rooms, uniq_pikel
D:5:      layout_gridville, nicolae_tso_besieged_by_evil,
          mainiacjoe_overflow_swirl, minmay_temple_entry_large_hall,
          gup_sewer_entry_pipe, kennysheep_windowed_goal
D:6:      layout_gridville, mainiacjoe_overflow_catwalk, grunt_decor_resistance,
          ebering_dispersal_statue_hall, uniq_duvessa
D:7:      layout_cave_pools, serial_shops, nicolae_shop_trees, chequers_avenue
D:8:      layout_basic, kiku_gazebo_pond_becter, serial_shops,
          nicolae_shop_crystal, minmay_misc_feat_secret_circle
D:9:      layout_cave_pools, minmay_orc_entry_temple_small
D:10:     lemuel_reptile_caves, layout_rooms, grunt_temple_overflow_open,
          mainiacjoe_overflow_catwalk_spiral
D:11:     giant_chief_lemuel, layout_gridville, lair_entry_dummy
D:12:     minmay_recursive_quarters, layout_loops_corners,
          gauntlet_entry_generic, uniq_urug, uniq_azrael
Temple:   minmay_temple_forest_path
Lair:1:   layout_roguey, serial_bayou_pond_e, grunt_megastairs_1
Lair:2:   layout_cellular_growth, guppyfry_snake_entry_garden, serial_forest,
          infiniplex_forest_end_2, infiniplex_forest_split,
          infiniplex_forest_3_way, infiniplex_forest_pool,
          infiniplex_forest_fountain, infiniplex_forest_clump_tiny, basic_altar,
          serial_bayou_shore_b

Skill      XL: |  1  2  3  4  5  6  7  8  9 10 11 |
---------------+----------------------------------+-----
Long Blades    | 1 2 3 5 6 9 12 14 | 14.0
Fighting       | 4 5 6 |  6.3
Invocations    | 1 4 |  4.2
Armour         | 3 4 |  4.2
Dodging        | 1 3 |  3.0
Shields        | 1 3 |  3.0
Short Blades   | |  0.8
Crossbows      | |  1.7
Stealth        | |  1.0
Evocations     | |  1.0

Action                   |  1- 3 |  4- 6 |  7- 9 | 10-12 || total
-------------------------+-------+-------+-------+-------++-------
Melee: Dagger            |    54 |       |       |       ||    54
       Scimitar          |    71 |   187 |   425 |   303 ||   986
       Punch             |       |       |     3 |       ||     3
Invok: Heroism           |       |       |     8 |     6 ||    14
       Finesse           |       |       |       |     1 ||     1
Evoke: Wand              |       |       |     1 |     2 ||     3
  Use: Scroll            |     2 |     2 |     7 |    10 ||    21
       Potion            |       |     4 |     1 |     6 ||    11
 Stab: Sleeping          |       |     1 |     7 |     3 ||    11
Armor: Ring mail         |    47 |    85 |   144 |    20 ||   296
       Skin              |       |    10 |       |       ||    10
       Troll leather arm |       |       |       |     6 ||     6
       Chain mail        |       |       |       |    27 ||    27
Dodge: Dodged            |    70 |   112 |   347 |   125 ||   654
Block: Buckler           |       |       |       |    39 ||    39

Table legend: (Time is in decaauts)
 A = Elapsed time spent in this place.
 B = Non-inter-level travel time spent in this place.
 C = Inter-level travel time spent in this place.
 D = Time resting spent in this place.
 E = Time spent auto-exploring this place.
 F = Levels seen in this place.
 G = Mean time per level.
                   A        B        C        D        E       F      G
               +--------+--------+--------+--------+--------+-----+--------+
         Total |  11037 |  10768 |    269 |   1079 |   7039 |  16 |  689.8 |
       Dungeon |  10214 |   9977 |    237 |   1015 |   6564 |  12 |  851.2 |
        Temple |    106 |     85 |     21 |      0 |     77 |   1 |  106.0 |
          Lair |    448 |    437 |     11 |     10 |    259 |   2 |  224.0 |
         Sewer |    267 |    267 |      0 |     54 |    139 |   1 |  267.0 |
               +--------+--------+--------+--------+--------+-----+--------+

Top non-repeatable levels by time:
     D:5: 1424 daAuts
     D:1: 1188 daAuts
     D:8: 1037 daAuts
     D:4: 1017 daAuts
    D:10: 1005 daAuts
     D:6: 865 daAuts
     D:3: 858 daAuts
     D:9: 762 daAuts
     D:2: 732 daAuts
    D:11: 672 daAuts
     D:7: 588 daAuts
  Lair:1: 429 daAuts
   Sewer: 267 daAuts
  Temple: 106 daAuts
    D:12: 62 daAuts
